 Dungeon Crawl Stone Soup version 0.26-a0-1191-ge2a0e31ab3 (webtiles) character file.

Game seed: 9896323134573187046

7958 sahdkjhfkaj the Cleaver (level 11, -5/97 (98) HPs)
             Began as a Deep Dwarf Fighter on Dec 28, 2020.
             Was an Elder of Makhleb.
             Slain by an orc warrior
             ... wielding a +0 scimitar
              (16 damage)
             ... while paralysed by a hornet
             ... on level 11 of the Dungeon.
             The game lasted 00:11:46 (9174 turns).

sahdkjhfkaj the Cleaver (Deep Dwarf Fighter)        Turns: 9174, Time: 00:11:47

HP:   -5/97 (98)    AC: 13    Str: 23    XL:     11   Next: 3%
MP:   8/8           EV:  2    Int:  9    God:    Makhleb [****..]
Gold: 994           SH:  0    Dex: 12    Spells: 10/10 levels left

rFire    + . .     SeeInvis .   a - +0 war axe
rCold    . . .     Faith    .   c - +0 kite shield
rNeg     . . .     Spirit   .   L - +0 chain mail
rPois    .         Reflect  .   b - +0 helmet
rElec    .         Harm     .   (no cloak)
rCorr    .         Rampage  .   v - +0 pair of gloves
Will     +....                  (no boots)
Stlth    ..........             (no amulet)
HPRegen  0.00/turn              j - ring of protection from fire
MPRegen  0.11/turn              e - +4 ring of slaying

@: paralysed, lethally poisoned (-5 -> -5), non-regenerating, slowed, lightly
drained
A: damage resistance, heal wounds, sense surroundings 2, no regeneration
a: Heal Wounds, Renounce Religion, Minor Destruction, Lesser Servant of Makhleb,
Major Destruction


You were on level 11 of the Dungeon.
You worshipped Makhleb.
Makhleb was greatly pleased with you.
You visited 2 branches of the dungeon, and saw 12 of its levels.
You also visited: Ossuary.

You collected 994 gold pieces.

Inventory:

Hand Weapons
 a - a +0 war axe (weapon)
Armour
 b - a +0 helmet (worn)
 c - a +0 kite shield (worn)
 v - a +0 pair of gloves (worn)
 L - a +0 chain mail (worn)
Jewellery
 e - a +4 ring of slaying (right hand)
 j - a ring of protection from fire (left hand)
 l - an uncursed ring of stealth
 u - an uncursed ring of willpower {unknown}
 w - an uncursed amulet of regeneration {unknown}
 G - an uncursed ring of fire {unknown}
 H - an uncursed amulet of regeneration {unknown}
 M - an uncursed ring of protection from fire
 P - a cursed amulet of inaccuracy {unknown}
 R - an uncursed ring of magical power
Wands
 f - a wand of iceblast (8)
 k - a wand of disintegration (8)
 q - a wand of flame (18)
 K - a wand of acid (8)
 N - a wand of polymorph (9)
 Q - a wand of random effects (20)
Scrolls
 g - 2 scrolls of noise
 n - 6 scrolls of amnesia
 p - 4 scrolls of teleportation {!r}
 r - 10 scrolls of remove curse
 x - 3 scrolls of enchant weapon
 y - 2 scrolls of enchant armour
 B - 3 scrolls of blinking
 C - a scroll of silence {!r}
 F - a scroll of immolation {unknown}
 I - a scroll of fog {unknown}
 J - 3 scrolls of holy word {unknown}
 T - a scroll of brand weapon {unknown}
Potions
 d - a potion of might
 h - a potion of heal wounds
 i - 2 potions of attraction
 m - 2 potions of magic
 o - 9 potions of curing
 s - 3 potions of haste {unknown}
 t - 2 potions of lignification {unknown}
 z - 2 potions of degeneration {unknown}
 A - 4 potions of brilliance {unknown}
 D - 2 potions of flight {unknown}
 E - 2 potions of invisibility {unknown}
 S - 2 potions of cancellation {unknown}
Miscellaneous
 O - a tin of tremorstones (2/2)


   Skills:
 + Level 6.3 Fighting
 * Level 10.2 Axes
 + Level 7.8 Armour
 + Level 6.7 Dodging
 + Level 7.7 Shields
 + Level 6.3 Invocations
 + Level 6.1 Evocations


You had 10 spell levels left.
You didn't know any spells.
Your spell library contained the following spells:

 Spells                   Type           Power        Failure   Level
 Corona                   Hex            0%           100%        1
 Foxfire                  Conj/Fire      0%           100%        1
 Sandblast                Erth           0%           100%        1
 Ensorcelled Hibernation  Hex/Ice        0%           100%        2
 Passwall                 Tmut/Erth      0%           100%        2
 Confusing Touch          Hex            0%           100%        3
 Conjure Flame            Conj/Fire      0%           100%        3
 Dazzling Flash           Conj/Hex       0%           100%        3
 Inner Flame              Hex/Fire       0%           100%        3
 Stone Arrow              Conj/Erth      0%           100%        3
 Tukima's Dance           Hex            0%           100%        3
 Petrify                  Tmut/Erth      0%           100%        4
 Sticky Flame             Conj/Fire      0%           100%        4
 Fireball                 Conj/Fire      0%           100%        5
 Lee's Rapid Deconstruct  Erth           0%           100%        5


Dungeon Overview and Level Annotations

Branches:
Dungeon (11/15)            Temple (1/1) D:5             Orc (0/2) D:11
Ossuary (visited)
   Lair: D:8-11

Altars:
Ashenzari
Cheibriados
Dithmenos
Elyvilon
Fedhas
Gozag
Hepliaklqana
Kikubaaqudgha
Makhleb
Nemelex Xobeh
Okawaru
Qazlal
Ru
Sif Muna
Trog
Uskayaw
Vehumet
Wu Jian
Xom
Yredelemnul
Zin
The Shining One

Shops:
D:4 [!:*   D:6 }   D:10 =*(?=


Innate Abilities, Weirdness & Mutations

You are resistant to damage.
You can heal yourself by infusing magical energy.
You passively map the area around you.
You do not regenerate.


Message History

The hornet stings you but does no damage.
The adder bites you but does no damage.
The hornet stings you but does no damage.
The wight hits you but does no damage.
The orc hits you with a +2 vorpal hand axe.
* * * LOW HITPOINT WARNING * * *
The orc warrior hits you but does no damage.
The orc hits you but does no damage.
The orc warrior hits you from afar with a +0 glaive.
* * * LOW HITPOINT WARNING * * *
The adder bites you but does no damage. The hornet stings you.
* * * LOW HITPOINT WARNING * * *
You feel yourself slow down. The wight hits you but does no damage.
The orc splashes around in the water.
The adder barely misses you. The hornet stings you.
* * * LOW HITPOINT WARNING * * *
You feel as though you will be slow longer.
The orc warrior hits you with a +0 scimitar!!
You die...

..............., ,
,, ,
................ ,
, .
....)..8....?.. ,
.. ..............,
,
...##..........(.
, ,
,.................
, , , , ,
......)zoo.....# *
.......oo)So...# *
*
,,.......oy@o....#
##......o).....# *
, ≈
..#............# *
* #..............#
*, ,
##.............# ,
,,
,P..#...........#
* ,
,P.≈#.#######..##
** , P. #. #.. , ,
* , * , * , *


You could see a hornet, 2 orc warriors, a wight, an adder and 6 orcs.

Vanquished Creatures
  An unseen horror (D:8)
  A manticore (D:7)
  A polar bear (D:11)
  2 trolls (D:9)
  Grinder (D:5)
  A hornet (D:3)
  A centaur simulacrum (D:11)
  Sigmund (D:5)
  A yak (D:11)
  A wyvern (D:8)
  A steam dragon (D:9)
  3 orc warriors (D:9)
  3 sky beasts
  A black bear (D:9)
  3 ice beasts
  A wolf (D:11)
  A phantom (D:7)
  2 necrophages
  7 ogres
  3 centaurs
  A big kobold (D:10)
  7 bullfrogs
  2 scorpions
  14 killer bees
  7 wights
  5 electric eels (D:8)
  2 jellies
  9 orc priests
  12 hounds
  8 orc wizards
  5 worker ants
  A killer bee zombie (D:6)
  8 mummies (Ossuary)
  A howler monkey skeleton (D:6)
  11 adders
  A river rat (D:3)
  4 shadow imps
  A white imp (D:6)
  3 ufetubi (D:5)
  An ooze (D:3)
  2 adder zombies
  An adder skeleton (D:5)
  2 worms (D:2)
  2 dart slugs
  7 leopard geckos
  55 orcs
  11 bats
  6 giant cockroaches
  4 goblins
  4 hobgoblins
  10 jackals
  18 kobolds
  5 quokkas
  3 ball pythons
  4 frilled lizards
  2 gnoll zombies (Ossuary)
  4 hobgoblin zombies (Ossuary)
  A kobold zombie (Ossuary)
  An orc zombie (Ossuary)
  5 rats
286 creatures vanquished.

Vanquished Creatures (others)
  A quokka (D:8)
  13 plants (D:8)
14 creatures vanquished.

Grand Total: 300 creatures vanquished

Notes
Turn   | Place    | Note
-------+----------+-------------------------------------------
     0 | D:1      | sahdkjhfkaj the Deep Dwarf Fighter began the quest for the
                  | Orb.
     0 | D:1      | Reached XP level 1. HP: 20/20 MP: 1/1
   238 | D:1      | Reached XP level 2. HP: 27/27 MP: 2/2
   780 | D:2      | Found an ornate altar of the Wu Jian Council.
   841 | D:2      | Found a broken altar of Ashenzari.
   893 | D:2      | Reached skill level 1 in Dodging
   905 | D:2      | Reached XP level 3. HP: 17/33 MP: 3/3
   941 | D:2      | Reached skill level 3 in Axes
  1008 | D:2      | Reached XP level 4. HP: 42/42 MP: 3/3
  1443 | D:3      | Reached XP level 5. HP: 45/49 MP: 4/4
  1668 | D:3      | Reached skill level 4 in Axes
  1945 | D:3      | Noticed a hornet
  1952 | D:3      | Killed a hornet
  1953 | D:3      | Reached XP level 6. HP: 52/56 MP: 5/5
  1999 | D:3      | Found a hazy altar of Hepliaklqana.
  2524 | D:4      | Found Veeguaho's Distillery.
  2559 | D:4      | Found Syumex's Book Shoppe.
  2580 | D:4      | Reached skill level 1 in Evocations
  2582 | D:4      | Reached skill level 5 in Axes
  2705 | D:4      | Found Xygajisi's Antique Armour Boutique.
  2850 | D:4      | Reached XP level 7. HP: 56/63 MP: 6/6
  2972 | D:4      | Found a glowing golden altar of the Shining One.
  2982 | D:4      | Found Wilis's Assorted Antiques.
  3043 | D:4      | Found an opulent altar of Gozag.
  3240 | D:5      | Entered Level 5 of the Dungeon
  3311 | D:5      | Reached skill level 5 in Armour
  3374 | D:5      | Noticed Sigmund
  3383 | D:5      | Killed Sigmund
  3384 | D:5      | Reached skill level 6 in Axes
  3384 | D:5      | Reached skill level 5 in Shields
  3393 | D:5      | Noticed Grinder
  3408 | D:5      | Killed Grinder
  3409 | D:5      | Reached XP level 8. HP: 29/72 MP: 6/6
  3773 | D:5      | Found a staircase to the Ecumenical Temple.
  3961 | Temple   | Entered the Ecumenical Temple
  4170 | Temple   | Became a worshipper of Makhleb the Destroyer
  4283 | D:6      | Found Noocrutu's Gadget Shoppe.
  4301 | D:6      | Found a sand-covered staircase.
  4321 | Ossuary  | Entered an ossuary
  4338 | Ossuary  | Reached skill level 1 in Invocations
  4365 | Ossuary  | Reached * piety under Makhleb
  4513 | D:6      | Found a basalt altar of Yredelemnul.
  4586 | D:6      | Found a shimmering blue altar of Sif Muna.
  4724 | D:6      | Found the +3 warlock's mirror {reflect}
  4738 | D:6      | Reached skill level 7 in Axes
  5098 | D:6      | Found a stormy altar of Qazlal.
  5103 | D:6      | Found an ornate altar of the Wu Jian Council.
  5175 | D:7      | Gained mutation: You passively map the area around you.
                  | [Deep Dwarf growth]
  5175 | D:7      | Reached XP level 9. HP: 80/80 MP: 8/8
  5711 | D:7      | Noticed a manticore
  5725 | D:7      | Killed a manticore
  5726 | D:7      | Reached skill level 5 in Fighting
  5726 | D:7      | Reached skill level 8 in Axes
  5726 | D:7      | Reached skill level 5 in Evocations
  5892 | D:8      | Reached ** piety under Makhleb
  5899 | D:8      | Reached skill level 5 in Dodging
  6019 | D:8      | Found an opulent altar of Gozag.
  6038 | D:8      | Killed an unseen horror
  6390 | D:8      | Reached XP level 10. HP: 90/90 MP: 10/10
  6427 | D:8      | Reached skill level 9 in Axes
  7161 | D:9      | Reached skill level 5 in Invocations
  7169 | D:9      | Reached *** piety under Makhleb
  7350 | D:9      | You fall into a shaft and drop 1 floor!
  7350 | D:10     | Entered Level 10 of the Dungeon
  7415 | D:10     | Found Jalazih Enko's Magic Scroll Boutique.
  7451 | D:10     | Found Hoata's Jewellery Emporium.
  7516 | D:10     | Found Zophenn's Weapon Shop.
  7530 | D:10     | Found Dopystuq's Assorted Antiques.
  8845 | D:10     | Found Teetunk's Jewellery Shop.
  8861 | D:10     | Reached skill level 10 in Axes
  9157 | D:11     | Reached **** piety under Makhleb
  9169 | D:11     | Reached XP level 11. HP: 53/97 MP: 8/8
  9171 | D:11     | Paralysed by a hornet for 3 turns
  9174 | D:11     | Slain by an orc warrior

Illustrated notes

Levels and vault maps discovered:
D:1:      dpeg_arrival_stone_temple_mockup, layout_loops_ring,
          grunt_decor_one_mirror
D:2:      minmay_wonky_spiral, layout_basic, lemuel_crystal_altar,
          lemuel_altar_in_water
D:3:      layout_basic, lemuel_round_altar, gup_sewer_entry_spiral,
          kennysheep_cross_bottleneck, kennysheep_generic_room_3
D:4:      layout_gridville, kennysheep_mini_moat,
          nicolae_overflow_crystal_walls, serial_shops, shop,
          nicolae_shop_overgrown_old_shop, nicolae_shop_statue_plus,
          nicolae_shop_stone, dk_vineyard_2, chequers_serial_rivers_micro_c
D:5:      layout_loops_ring, minmay_temple_entry_crystal_x, uniq_sigmund,
          uniq_grinder
D:6:      layout_basic, lemuel_round_altar, minitemple, serial_shops,
          nicolae_shop_crystal, basic_altar, nicolae_ossuary_entry_monument,
          kennysheep_generic_room_7
D:7:      layout_basic, lemuel_another_geyser
D:8:      layout_loops_corners, serial_bayou, serial_bayou_pond_a,
          serial_bayou_pond_e, serial_bayou_pond_b, serial_bayou_crossing,
          minmay_misc_feat_pillars, chequers_serial_rivers_micro_b,
          nicolae_gozag_cash_rules_everything_around_me
D:9:      mumra_celtic_spiral_tile, layout_layer_cave, special_room
          [special_room_orc]
D:10:     cheibrodos_iron_armory, layout_loops_ring, serial_shops,
          nicolae_shop_statue_plus, shop, shop, shop, nicolae_shop_crystal
D:11:     layout_small_grid, dpeg_oklobed_lair, hiddenorc1_lemuel, serial_ice,
          serial_ice_f, serial_ice_e, serial_ice_o, serial_ice_c,
          portal_ice_cave_entry_ice_beasts, ebering_ghost_reflecting_pool,
          nicolae_qazlal_style_of_elements
Temple:   regret_index_temple_generic_petals

Skill      XL: |  1  2  3  4  5  6  7  8  9 10 |
---------------+-------------------------------+-----
Dodging        | 1 2 3 4 5 6 |  6.7
Axes           | 3 4 5 6 7 8 10 | 10.2
Fighting       | 3 4 5 6 |  6.3
Armour         | 4 5 6 7 |  7.8
Shields        | 4 5 6 7 |  7.7
Evocations     | 1 3 4 5 6 |  6.1
Invocations    | 2 4 6 |  6.3

Action                   |  1- 3 |  4- 6 |  7- 9 | 10-12 || total
-------------------------+-------+-------+-------+-------++-------
Melee: War axe           |    75 |   165 |   305 |   272 ||   817
 Abil: Heal Wounds       |     1 |     2 |    23 |    15 ||    41
Evoke: Wand              |       |     5 |       |       ||     5
  Use: Scroll            |     3 |     2 |     8 |     2 ||    15
Armor: Scale mail        |    33 |    72 |    75 |       ||   180
       Chain mail        |       |       |     3 |   187 ||   190
Dodge: Dodged            |    31 |    64 |   116 |   191 ||   402
Block: Kite shield       |    49 |    91 |   126 |   260 ||   526

Table legend: (Time is in decaauts)
 A = Elapsed time spent in this place.
 B = Non-inter-level travel time spent in this place.
 C = Inter-level travel time spent in this place.
 D = Time resting spent in this place.
 E = Time spent auto-exploring this place.
 F = Levels seen in this place.
 G = Mean time per level.
                   A        B        C        D        E       F      G
               +--------+--------+--------+--------+--------+-----+--------+
         Total |   9399 |   8781 |    618 |    100 |   6777 |  13 |  723.0 |
       Dungeon |   8972 |   8398 |    574 |    100 |   6483 |  11 |  815.6 |
        Temple |    244 |    201 |     43 |      0 |    196 |   1 |  244.0 |
       Ossuary |    182 |    182 |      0 |      0 |     98 |   1 |  182.0 |
               +--------+--------+--------+--------+--------+-----+--------+

Top non-repeatable levels by time:
     D:9: 1486 daAuts
     D:3: 1318 daAuts
     D:8: 1167 daAuts
     D:5: 775 daAuts
     D:7: 761 daAuts
     D:6: 725 daAuts
     D:1: 724 daAuts
     D:4: 721 daAuts
    D:10: 653 daAuts
     D:2: 603 daAuts
  Temple: 244 daAuts
 Ossuary: 182 daAuts
    D:11: 33 daAuts
